BR (22 & UNDER)
FORT COLLINS COMMONERS @ RANCHO CUCAMONGA SICK MONKEYS
09/20/2029
 
TOP OF THE 1ST
Fort Collins Commoners batting - Pitching for Rancho Cucamonga Sick Monkeys : RHP Carlos Fernández
Pitching: RHP Carlos Fernández
Batting: LHB Matt Taylor 0-0: Ball
1-0: Swinging Strike
1-1: Called Strike
1-2: Ball
2-2: Ball
3-2: SINGLE (Line Drive, 34D)
Batting: RHB António Díaz 0-0: Fielders Choice at 2nd, 2-6 (Groundball, 2R)
Batting: RHB Ismael Rodríguez 0-0: Swinging Strike
0-1: Ball
1-1: Fly out, F3 (Line Drive, 3)
Batting: RHB David Brady 0-0: Foul Ball, location: 2F
0-1: Foul Ball, location: 2F
0-2: Ball
1-2: Fly out, F6 (Flyball, 56D)
Top of the 1st over - 0 runs, 1 hit, 0 errors, 1 left on base; Fort Collins 0 - Rancho Cucamonga 0
BOTTOM OF THE 1ST
Rancho Cucamonga Sick Monkeys batting - Pitching for Fort Collins Commoners : RHP Dani Granadas
Pitching: RHP Dani Granadas
Batting: SHB Jimmy Mayer 0-0: SINGLE (Groundball, 34) (infield hit)
Batting: LHB Kevin Hatcher 0-0: Ball
1-0: Swinging Strike
1-1: Ball
2-1: Ball
3-1: Swinging Strike
3-2: Fly out, F7 (Flyball, 78D)
Batting: LHB Ed Ballard 0-0: Called Strike
0-1: Foul Ball, location: 2F
0-2: Ball
1-2: Ball
2-2: Foul Ball, location: 2F
2-2: Foul Ball, location: 2F
2-2: Foul Ball, location: 2F
2-2: Ball
3-2: Ground out 4-3 (Groundball, 4)
Jimmy Mayer to second
Batting: LHB Terry Barton 0-0: Ball
1-0: Ball
2-0: Called Strike
2-1: Foul Ball, location: 2F
2-2: SINGLE (Flyball, 7S)
Jimmy Mayer to third
Runner from 3rd tries for Home, SAFE, no throw
Batting: RHB Hank Brown 0-0: Ball
1-0: Ball
2-0: Foul Ball, location: 2F
2-1: Ball
3-1: Base on Balls
Terry Barton to second
Batting: SHB Paco Estrada 0-0: Called Strike
0-1: Called Strike
0-2: Strikes out swinging
Bottom of the 1st over - 1 run, 2 hits, 0 errors, 2 left on base; Fort Collins 0 - Rancho Cucamonga 1
TOP OF THE 2ND
Fort Collins Commoners batting - Pitching for Rancho Cucamonga Sick Monkeys : RHP Carlos Fernández
Batting: LHB Caleb Ruíz 0-0: Called Strike
0-1: Fly out, F8 (Flyball, 8LD)
Batting: RHB Edward Green 0-0: Ball
1-0: Called Strike
1-1: Foul Ball, location: 2F
1-2: Foul Ball, location: 2F
1-2: Strikes out looking
Batting: SHB Paul Davenport 0-0: Ball
1-0: Foul Ball, location: 2F
1-1: Fly out, F8 (Flyball, 8RXD)
Top of the 2nd over - 0 runs, 0 hits, 0 errors, 0 left on base; Fort Collins 0 - Rancho Cucamonga 1
BOTTOM OF THE 2ND
Rancho Cucamonga Sick Monkeys batting - Pitching for Fort Collins Commoners : RHP Dani Granadas
Batting: LHB Clarence Bowen 0-0: Ball
1-0: Foul Ball, location: 2F
1-1: Ball
2-1: Fly out, F7 (Line Drive, 7)
Batting: RHB Rod Zamora 0-0: Ball
1-0: Called Strike
1-1: Ball
2-1: Ground out 6-3 (Groundball, 6)
Batting: RHB Mike Cooley 0-0: Foul Ball, location: 2F
0-1: Ball
1-1: Fly out, F7 (Flyball, 78D)
Bottom of the 2nd over - 0 runs, 0 hits, 0 errors, 0 left on base; Fort Collins 0 - Rancho Cucamonga 1
TOP OF THE 3RD
Fort Collins Commoners batting - Pitching for Rancho Cucamonga Sick Monkeys : RHP Carlos Fernández
Batting: LHB Jesús González 0-0: Ball
1-0: Foul Ball, location: 2F
1-1: Swinging Strike
1-2: Foul Ball, location: 2F
1-2: Strikes out looking
Batting: RHB Ron Moore 0-0: DOUBLE (Flyball, 89XD)
Batting: LHB Matt Taylor 0-0: Ball
1-0: Ball
2-0: SINGLE (Groundball, 4MD)
Ron Moore to third
Runner from 3rd tries for Home, SAFE, no throw
Batting: RHB António Díaz 0-0: Called Strike
0-1: Ball
1-1: Fly out, F8 (Flyball, 8LM)
Batting: RHB Ismael Rodríguez 0-0: Ball
1-0: Ball
2-0: Ground out 5-3 (Groundball, 56)
Top of the 3rd over - 1 run, 2 hits, 0 errors, 1 left on base; Fort Collins 1 - Rancho Cucamonga 1
BOTTOM OF THE 3RD
Rancho Cucamonga Sick Monkeys batting - Pitching for Fort Collins Commoners : RHP Dani Granadas
Batting: SHB Jimmy Mayer 0-0: Ball
1-0: Ball
2-0: SINGLE (Flyball, 34D)
Batting: LHB Kevin Hatcher 0-0: Called Strike
0-1: Ball
1-1: Foul Ball, location: 2F
1-2: Foul Ball, location: 2F
1-2: Ball
2-2: Ball
3-2: Strikes out swinging
Batting: LHB Ed Ballard 0-0: Fly out, F5 (Popup, 15)
Batting: LHB Terry Barton 0-0: Called Strike
0-1: Swinging Strike
0-2: Strikes out swinging
Bottom of the 3rd over - 0 runs, 1 hit, 0 errors, 1 left on base; Fort Collins 1 - Rancho Cucamonga 1
TOP OF THE 4TH
Fort Collins Commoners batting - Pitching for Rancho Cucamonga Sick Monkeys : RHP Carlos Fernández
Batting: RHB David Brady 0-0: Fly out, F7 (Flyball, 7S)
Batting: LHB Caleb Ruíz 0-0: SINGLE (Line Drive, 3D)
Batting: RHB Edward Green 0-0: Ball
1-0: Called Strike
1-1: Foul Ball, location: 2F
1-2: Foul Ball, location: 2F
1-2: Ball
2-2: Ball
3-2: Fly out, F6 (Popup, 6D)
Batting: SHB Paul Davenport 0-0: Ball
1-0: Ball
2-0: Called Strike
2-1: Foul Ball, location: 2F
2-2: SINGLE (Flyball, 78S)
Caleb Ruíz to second
Batting: LHB Jesús González 0-0: Called Strike
0-1: Ball
1-1: Ball
2-1: Called Strike
2-2: Ground out 4-3 (Groundball, 4M)
Top of the 4th over - 0 runs, 2 hits, 0 errors, 2 left on base; Fort Collins 1 - Rancho Cucamonga 1
BOTTOM OF THE 4TH
Rancho Cucamonga Sick Monkeys batting - Pitching for Fort Collins Commoners : RHP Dani Granadas
Batting: RHB Hank Brown 0-0: Ball
1-0: Called Strike
1-1: Called Strike
1-2: Ground out 4-3 (Groundball, 4)
Batting: SHB Paco Estrada 0-0: Ball
1-0: Ball
2-0: Ball
3-0: Called Strike
3-1: Ground out 6-3 (Groundball, 6)
Batting: LHB Clarence Bowen 0-0: Ball
1-0: Foul Ball, location: 2F
1-1: Ball
2-1: Called Strike
2-2: Ball
3-2: Base on Balls
Batting: RHB Rod Zamora 0-0: Swinging Strike
0-1: Called Strike
0-2: Foul Ball, location: 2F
0-2: Foul Ball, location: 2F
0-2: Ball
1-2: Ball
2-2: Strikes out swinging
Bottom of the 4th over - 0 runs, 0 hits, 0 errors, 1 left on base; Fort Collins 1 - Rancho Cucamonga 1
TOP OF THE 5TH
Fort Collins Commoners batting - Pitching for Rancho Cucamonga Sick Monkeys : RHP Carlos Fernández
Batting: RHB Ron Moore 0-0: Foul Ball, location: 2F
0-1: Ball
1-1: Ball
2-1: Ground out U3 (Groundball, 34)
Batting: LHB Matt Taylor 0-0: Foul Ball, location: 2F
0-1: Ball
1-1: Ball
2-1: Ground out 4-3 (Groundball, 4)
Batting: RHB António Díaz 0-0: Ball
1-0: Called Strike
1-1: Swinging Strike
1-2: Ball
2-2: Ground out 5-3 (Groundball, 56S)
Top of the 5th over - 0 runs, 0 hits, 0 errors, 0 left on base; Fort Collins 1 - Rancho Cucamonga 1
BOTTOM OF THE 5TH
Rancho Cucamonga Sick Monkeys batting - Pitching for Fort Collins Commoners : RHP Dani Granadas
Batting: RHB Mike Cooley 0-0: Ball
1-0: Ball
2-0: Ball
3-0: Called Strike
3-1: Called Strike
3-2: Foul Ball, location: 2F
3-2: Ground out 5-3 (Groundball, 56)
Batting: SHB Jimmy Mayer 0-0: Ball
1-0: Foul Ball, location: 2F
1-1: Ball
2-1: Foul Ball, location: 2F
2-2: Strikes out swinging
Batting: LHB Kevin Hatcher 0-0: Foul Ball, location: 2F
0-1: Ball
1-1: Ball
2-1: Foul Ball, location: 2F
2-2: Foul Ball, location: 2F
2-2: Ball
3-2: Foul Ball, location: 2F
3-2: Ground out 5-3 (Groundball, 56)
Bottom of the 5th over - 0 runs, 0 hits, 0 errors, 0 left on base; Fort Collins 1 - Rancho Cucamonga 1
TOP OF THE 6TH
Fort Collins Commoners batting - Pitching for Rancho Cucamonga Sick Monkeys : RHP Carlos Fernández
Batting: RHB Ismael Rodríguez 0-0: SOLO HOME RUN (Flyball, 9LD), Distance : 356 ft
Batting: RHB David Brady 0-0: Ball
1-0: Ball
2-0: Called Strike
2-1: Ball
3-1: Ground out 1-3 (Groundball, 13S)
Batting: LHB Caleb Ruíz 0-0: Ground out U3 (Groundball, 3)
Batting: RHB Edward Green 0-0: Ball
1-0: Swinging Strike
1-1: Foul Ball, location: 2F
1-2: Ball
2-2: Ball
3-2: SINGLE (Groundball, 6D)
Pitching: RHP Clyde Fisher
Batting: SHB Paul Davenport 0-0: Ball
1-0: Ball
2-0: Foul Ball, location: 2F
2-1: Called Strike
2-2: Foul Ball, location: 2F
2-2: Ball
3-2: Base on Balls
Edward Green to second
Batting: LHB Jesús González 0-0: Ball
1-0: Ball
2-0: Foul Ball, location: 2F
2-1: Foul Ball, location: 2F
2-2: Foul Ball, location: 2F
2-2: Foul Ball, location: 2F
2-2: Fielders Choice at 2nd, 5-4 (Groundball, 5)
Top of the 6th over - 1 run, 2 hits, 0 errors, 2 left on base; Fort Collins 2 - Rancho Cucamonga 1
BOTTOM OF THE 6TH
Rancho Cucamonga Sick Monkeys batting - Pitching for Fort Collins Commoners : RHP Dani Granadas
Pitching: RHP Vicente Castro
Batting: LHB Ed Ballard 0-0: Ball
1-0: Foul Ball, location: 2F
1-1: Called Strike
1-2: Fly out, F4 (Flyball, 34D)
Batting: LHB Terry Barton 0-0: Called Strike
0-1: Ball
1-1: SOLO HOME RUN (Flyball, 7LD), Distance : 368 ft
Batting: RHB Hank Brown 0-0: Ball
1-0: Foul Ball, location: 2F
1-1: Ground out 3-1 (Groundball, 34)
Batting: SHB Paco Estrada 0-0: Swinging Strike
0-1: Ball
1-1: Called Strike
1-2: Foul Ball, location: 2F
1-2: Strikes out swinging
Bottom of the 6th over - 1 run, 1 hit, 0 errors, 0 left on base; Fort Collins 2 - Rancho Cucamonga 2
TOP OF THE 7TH
Fort Collins Commoners batting - Pitching for Rancho Cucamonga Sick Monkeys : RHP Clyde Fisher
Batting: RHB Ron Moore 0-0: Foul Ball, location: 2F
0-1: Ball
1-1: Called Strike
1-2: Ground out 6-3 (Groundball, 6)
Batting: LHB Matt Taylor 0-0: Ball
1-0: Ball
2-0: Ball
3-0: Called Strike
3-1: Fly out, F9 (Flyball, 89S)
Batting: RHB António Díaz 0-0: Ball
1-0: Fly out, F8 (Flyball, 78D)
Top of the 7th over - 0 runs, 0 hits, 0 errors, 0 left on base; Fort Collins 2 - Rancho Cucamonga 2
BOTTOM OF THE 7TH
Rancho Cucamonga Sick Monkeys batting - Pitching for Fort Collins Commoners : RHP Vicente Castro
Batting: LHB Clarence Bowen 0-0: Ground out 4-3 (Groundball, 4S)
Batting: RHB Rod Zamora 0-0: Ball
1-0: Called Strike
1-1: Swinging Strike
1-2: Ball
2-2: Strikes out swinging
Pinch Hitting: RHB Manny Holguín 0-0: DOUBLE (Flyball, 8RD)
Pinch Hitting: LHB Caden Cleveland 0-0: Ball
1-0: Fly out, F7 (Flyball, 7S)
Bottom of the 7th over - 0 runs, 1 hit, 0 errors, 1 left on base; Fort Collins 2 - Rancho Cucamonga 2
TOP OF THE 8TH
Fort Collins Commoners batting - Pitching for Rancho Cucamonga Sick Monkeys : RHP Clyde Fisher
Pitching: RHP Juan Rosário
Now at 3B: Manny Holguín
Now in RF: Caden Cleveland
Batting: RHB Ismael Rodríguez 0-0: Called Strike
0-1: Foul Ball, location: 2F
0-2: Ball
1-2: Ball
2-2: Strikes out swinging
Pinch Hitting: RHB Shawn López 0-0: Fly out, F5 (Line Drive, 56)
Batting: LHB Caleb Ruíz 0-0: Ball
1-0: Foul Ball, location: 2F
1-1: Ball
2-1: Ball
3-1: Called Strike
3-2: Reached on error, E4 (Groundball, 4)
Pinch Runner at 1st Lorenzo Oríz:
Pinch Hitting: RHB Claudio Rodríguez 0-0: Ball
Lorenzo Oríz steals 2nd base
1-0: Swinging Strike
1-1: Foul Ball, location: 2F
1-2: Ball
2-2: Strikes out swinging
Top of the 8th over - 0 runs, 0 hits, 1 error, 1 left on base; Fort Collins 2 - Rancho Cucamonga 2
BOTTOM OF THE 8TH
Rancho Cucamonga Sick Monkeys batting - Pitching for Fort Collins Commoners : RHP Vicente Castro
Now at 2B: Claudio Rodríguez
Now in CF: Lorenzo Oríz
Batting: LHB Kevin Hatcher 0-0: Called Strike
Now in LF: Jackson Smith 0-1: SINGLE (Flyball, 7S)
Batting: LHB Ed Ballard 0-0: Ball
Passed Ball!
Kevin Hatcher to second
1-0: Foul Ball, location: 2F
1-1: Ball
2-1: Called Strike
2-2: Foul Ball, location: 2F
2-2: Foul Ball, location: 2F
2-2: Foul Ball, location: 2F
2-2: Foul Ball, location: 2F
2-2: Ground out 6-3 (Groundball, 6)
Batting: LHB Terry Barton 0-0: Intentional Walk
Batting: RHB Hank Brown 0-0: Ball
1-0: Ground out 4-3 (Groundball, 4M)
Kevin Hatcher to third
Terry Barton to second
Pinch Hitting: RHB Francisco Gonzáles 0-0: Called Strike
0-1: Swinging Strike
0-2: Ball
1-2: Strikes out swinging
Bottom of the 8th over - 0 runs, 1 hit, 0 errors, 2 left on base; Fort Collins 2 - Rancho Cucamonga 2
TOP OF THE 9TH
Fort Collins Commoners batting - Pitching for Rancho Cucamonga Sick Monkeys : RHP Juan Rosário
Now at SS: Oliver Cisneros
Batting: SHB Paul Davenport 0-0: Called Strike
0-1: Ball
1-1: Foul Ball, location: 2F
1-2: Foul Ball, location: 2F
1-2: Foul Ball, location: 2F
1-2: Ball
2-2: Foul Ball, location: 2F
2-2: Foul Ball, location: 2F
2-2: Ball
3-2: Foul Ball, location: 2F
3-2: Base on Balls
Pinch Runner at 1st Montego Martínez:
Batting: LHB Jesús González 0-0: Ball
1-0: Called Strike
1-1: Foul Ball, location: 2F
1-2: Strikes out swinging
Batting: RHB Ron Moore 0-0: Ball
1-0: Ball
2-0: Ball
3-0: Base on Balls
Montego Martínez to second
Batting: LHB Matt Taylor 0-0: Ball
1-0: Ball
Montego Martínez steals 3rd base
Ron Moore to second
2-0: Intentional Walk
Batting: RHB António Díaz 0-0: Swinging Strike
0-1: Ball
1-1: Foul Ball, location: 2F
1-2: Fly out, F7 (Line Drive, 7LM)
Runner from 3rd tags up, SCORES, no throw
Batting: RHB Ismael Rodríguez 0-0: Foul Ball, location: 2F
0-1: Ball
1-1: Ball
2-1: Swinging Strike
2-2: SINGLE (Flyball, 8RS)
Ron Moore to third
Matt Taylor to second
Runner from 3rd tries for Home, SAFE, throw made home
Pinch Hitting: RHB Júlio Pinto 0-0: Called Strike
0-1: Ball
1-1: 3-RUN HOME RUN (Flyball, 7LD), Distance : 369 ft
Pitching: RHP Gustavo Guevara
Batting: RHB Lorenzo Oríz 0-0: Called Strike
0-1: Ball
1-1: Called Strike
1-2: Strikes out swinging
Top of the 9th over - 5 runs, 2 hits, 0 errors, 0 left on base; Fort Collins 7 - Rancho Cucamonga 2
BOTTOM OF THE 9TH
Rancho Cucamonga Sick Monkeys batting - Pitching for Fort Collins Commoners : RHP Vicente Castro
Now at C: Alberto Cabrera
Now at SS: Sherman Cummings
Now in CF: Júlio Pinto
Batting: LHB Clarence Bowen 0-0: Fly out, F8 (Flyball, 8RS)
Batting: RHB Rod Zamora 0-0: Foul Ball, location: 2F
0-1: Foul Ball, location: 2F
0-2: Ball
1-2: Strikes out swinging
Batting: RHB Manny Holguín 0-0: Foul Ball, location: 2F
0-1: Foul Ball, location: 2F
0-2: Strikes out swinging
Bottom of the 9th over - 0 runs, 0 hits, 0 errors, 0 left on base; Fort Collins 7 - Rancho Cucamonga 2
Saturday, December 16th, 2017 - OOTP Baseball 18.8 Build 76